 Dungeon Crawl Stone Soup version 0.26.1-11-gd32895ea62 (webtiles) character file.

Game seed: 256912356668161283

3357 jlumianski the Magician (level 10, -2/77 HPs)
             Began as a Gnoll Warper on Apr 12, 2021.
             Was a Follower of Sif Muna.
             Succumbed to a soldier ant's poison
             ... on level 8 of the Dungeon on Apr 15, 2021.
             The game lasted 00:42:47 (12001 turns).

jlumianski the Magician (Gnoll Warper)             Turns: 12001, Time: 00:42:47

Health: -2/77      AC: 11    Str: 14    XL:     10   Next: 3%
Magic:  20/20      EV: 14    Int: 18    God:    Sif Muna [*.....]
Gold:   250        SH:  0    Dex: 15    Spells: 15/23 levels left

rFire    . . .     SeeInvis .   P - +0 broad axe
rCold    . . .     Faith    .   (no shield)
rNeg     + . .     Spirit   .   M - +0 ring mail {rN+}
rPois    .         Reflect  .   r - +1 helmet
rElec    .         Harm     .   L - +0 cloak
rCorr    .         Rampage  .   l - +0 pair of gloves
Will     .....                  (no boots)
Stlth    +++.......             (no amulet)
HPRegen  0.22/turn              w - ring of stealth
MPRegen  0.17/turn              (no ring)

@: lethally poisoned (-2 -> -48)
A: distributed training, fangs 1, strong nose
a: Renounce Religion, Channel Magic


You were on level 8 of the Dungeon.
You worshipped Sif Muna.
Sif Muna was aware of your devotion.
You visited 2 branches of the dungeon, and saw 9 of its levels.

You collected 497 gold pieces.
You spent 247 gold pieces at shops.

Inventory:

Hand Weapons
 a - a +0 hand axe
 j - a +0 dagger
 q - a +0 war axe
 u - a +1 mace of holy wrath
 z - a +1 whip of flaming
 J - a +0 rapier
 K - a +2 quarterstaff of chaos
 O - a +0 dire flail
 P - a +0 broad axe (weapon)
Missiles
 e - 5 boomerangs of dispersal
 g - 23 poisoned darts (quivered)
 i - 267 stones
 s - 6 silver javelins
 x - 50 sling bullets
 A - 67 bolts
 F - 2 boomerangs
 I - 6 curare-tipped darts
Armour
 b - a +0 leather armour
 l - a +0 pair of gloves (worn)
 r - a +1 helmet (worn)
 L - a +0 cloak (worn)
 M - a +0 ring mail of positive energy (worn)
Jewellery
 w - a ring of stealth (left hand)
 B - an uncursed amulet of guardian spirit
Wands
 t - a wand of digging (13)
 E - a wand of acid (9)
 N - a wand of flame (13)
 Q - a wand of iceblast (8)
Scrolls
 d - 2 scrolls of blinking
 h - 3 scrolls of enchant weapon
 k - 2 scrolls of immolation {unknown}
 m - 4 scrolls of identify
 n - 2 scrolls of fog
 p - 2 scrolls of remove curse
 y - 3 scrolls of amnesia
Potions
 c - 6 potions of curing
 f - 2 potions of lignification
 o - 2 potions of brilliance
 v - a potion of ambrosia
 C - 3 potions of heal wounds
 D - a potion of cancellation
 G - 3 potions of mutation
 H - a potion of degeneration


   Skills:
 + Level 6.7 Fighting
 + Level 4.8 Short Blades
 + Level 4.8 Long Blades
 + Level 6.7 Axes
 + Level 4.8 Maces & Flails
 + Level 4.8 Polearms
 + Level 4.8 Staves
 + Level 4.8 Slings
 + Level 4.8 Bows
 + Level 4.8 Crossbows
 + Level 5.5 Throwing
 + Level 5.5 Armour
 + Level 6.7 Dodging
 + Level 4.8 Stealth
 + Level 4.8 Shields
 + Level 4.8 Unarmed Combat
 + Level 7.0 Spellcasting
 + Level 4.0 Conjurations
 + Level 4.0 Hexes
 + Level 4.0 Summonings
 + Level 4.0 Necromancy
 + Level 6.8 Translocations
 + Level 4.0 Transmutations
 + Level 4.0 Fire Magic
 + Level 4.0 Ice Magic
 + Level 4.0 Air Magic
 + Level 4.0 Earth Magic
 + Level 4.0 Poison Magic
 + Level 5.3 Invocations
 + Level 4.8 Evocations


You had 15 spell levels left.
You knew the following spells:

 Your Spells              Type           Power        Failure   Level
a - Blink                 Tloc           N/A          1%          2
b - Gell's Gravitas       Tloc           15%          3%          3
c - Teleport Other        Tloc           31%          3%          3

Your spell library contained the following spells:

 Spells                   Type           Power        Failure   Level
 Lesser Beckoning         Tloc           15%          3%          3
 Passage of Golubria      Tloc           N/A          12%         4


Dungeon Overview and Level Annotations

Branches:
Dungeon (8/15)             Temple (1/1) D:5            Lair (0/6) D:8

Altars:
Cheibriados
Elyvilon
Fedhas
Kikubaaqudgha
Makhleb
Nemelex Xobeh
Ru
Sif Muna
Trog
Wu Jian
Xom
The Shining One

Shops:
D:6 !


Innate Abilities, Weirdness & Mutations

Your experience applies equally to all skills.
You have very sharp teeth.
Your uncanny sense of smell can sniff out nearby items.


Message History

You feel sick. The soldier ant stings you.
You feel sick.
The soldier ant stings you but does no damage.
You feel sick. The soldier ant stings you.
* * * LOW HITPOINT WARNING * * *
You feel sick. The soldier ant barely misses you.
You feel sick. The soldier ant closely misses you.
You feel sick. The soldier ant completely misses you.
You feel sick. The soldier ant closely misses you.
You feel sick. The soldier ant stings you!
* * * LOW HITPOINT WARNING * * *
You are more poisoned.
The soldier ant poisons you!
* * * LOW HITPOINT WARNING * * *
You feel very sick. The soldier ant stings you.
* * * LOW HITPOINT WARNING * * *
You are more poisoned.
The soldier ant poisons you!
You die...

#.......##.####.....#
#..####.##.####.###.#
#..#.......[......#.######
#..#.##.##.#.#..#........#
#.......##...#..###.####.#
#.......##.##.#####.####.###
####.########.#.#...#......#
# #.# #.#.######.##.#.# #.#
#.# ##.#@# #.##.#.# #.. #.#
#.#B## #.##...##### #.##
##.# #.###....... #..# ##
### #........... ##.# #.#
#..........( #.# #.#
#.###.#.###. #.# #.#
#.##..#.# #. #.# #.#
#.##..#.# #. #.#
###.####.......# #.


You could see a soldier ant.

Vanquished Creatures
  An elephant (D:7)
  A wyvern (D:7)
  A basilisk (D:7)
  A soldier ant (D:8)
  2 orc warriors
  A black bear (D:7)
  3 centaurs
  2 ogres
  6 bullfrogs
  A gnoll sergeant (D:7)
  3 scorpions
  5 killer bees
  4 wights (D:8)
  A howler monkey (D:4)
  A quasit (D:5)
  2 bullfrog zombies
  A bullfrog skeleton (D:4)
  3 orc priests
  Crazy Yiuf (D:6)
  4 hounds
  4 orc wizards
  A centaur skeleton (D:6)
  3 iguanas
  3 worker ants
  A hound zombie (D:6)
  7 adders
  8 gnolls
  2 white imps
  3 ufetubi
  An ooze (D:3)
  3 adder skeletons
  3 worms
  7 dart slugs
  4 leopard geckos
  21 orcs
  8 bats
  5 giant cockroaches
  11 goblins
  2 hobgoblins (D:1)
  2 jackals (D:1)
  3 quokkas (D:3)
  A ball python (D:3)
  A ball python skeleton (D:4)
  6 frilled lizards
  8 kobolds
  A quokka zombie (D:7)
  4 rats
167 creatures vanquished.

Vanquished Creatures (others)
  A dart slug (D:5)
  A quokka (D:7)
  A rat (D:2)
  4 plants (D:4)
7 creatures vanquished.

Grand Total: 174 creatures vanquished

Notes
Turn   | Place    | Note
-------+----------+-------------------------------------------
     0 | D:1      | jlumianski the Gnoll Warper began the quest for the Orb.
     0 | D:1      | Reached XP level 1. HP: 20/20 MP: 6/6
   298 | D:1      | Reached XP level 2. HP: 23/26 MP: 7/7
  1004 | D:1      | Learned a level 2 spell: Blink
  1058 | D:1      | Reached XP level 3. HP: 31/31 MP: 9/9
  1094 | D:1      | Reached skill level 5 in Spellcasting
  1678 | D:2      | Learned a level 3 spell: Gell's Gravitas
  1682 | D:2      | Learned a level 3 spell: Teleport Other
  1692 | D:2      | Reached skill level 1 in Invocations
  1704 | D:2      | Reached skill level 1 in Short Blades
  1704 | D:2      | Reached skill level 1 in Long Blades
  1704 | D:2      | Reached skill level 1 in Maces & Flails
  1704 | D:2      | Reached skill level 1 in Polearms
  1704 | D:2      | Reached skill level 1 in Staves
  1704 | D:2      | Reached skill level 1 in Slings
  1704 | D:2      | Reached skill level 1 in Bows
  1704 | D:2      | Reached skill level 1 in Crossbows
  1704 | D:2      | Reached skill level 1 in Stealth
  1704 | D:2      | Reached skill level 1 in Shields
  1704 | D:2      | Reached skill level 1 in Unarmed Combat
  1704 | D:2      | Reached skill level 1 in Evocations
  1704 | D:2      | Reached XP level 4. HP: 11/38 MP: 11/11
  1976 | D:2      | Found a sparkling altar of Nemelex Xobeh.
  2030 | D:2      | Reached skill level 1 in Conjurations
  2030 | D:2      | Reached skill level 1 in Hexes
  2030 | D:2      | Reached skill level 1 in Summonings
  2030 | D:2      | Reached skill level 1 in Necromancy
  2030 | D:2      | Reached skill level 1 in Transmutations
  2030 | D:2      | Reached skill level 1 in Fire Magic
  2030 | D:2      | Reached skill level 1 in Ice Magic
  2030 | D:2      | Reached skill level 1 in Air Magic
  2030 | D:2      | Reached skill level 1 in Earth Magic
  2030 | D:2      | Reached skill level 1 in Poison Magic
  2388 | D:2      | Reached XP level 5. HP: 33/43 MP: 9/12
  3102 | D:3      | Found a bloodstained altar of Trog.
  3102 | D:3      | Found a burning altar of Makhleb.
  3119 | D:3      | Found a glowing golden altar of the Shining One.
  3383 | D:3      | Reached XP level 6. HP: 49/50 MP: 11/13
  3729 | D:3      | Found an ornate altar of the Wu Jian Council.
  4157 | D:5      | Entered Level 5 of the Dungeon
  4167 | D:4      | Reached skill level 5 in Fighting
  4167 | D:4      | Reached skill level 5 in Axes
  4167 | D:4      | Reached skill level 5 in Dodging
  4481 | D:4      | Upgraded the game from 0.26.1-10-gdfb7c7de75 to
                  | 0.26.1-11-gd32895ea62
  4514 | D:4      | Reached XP level 7. HP: 24/56 MP: 10/15
  4833 | D:4      | Found a sacrificial altar of Ru.
  6214 | D:5      | Found a staircase to the Ecumenical Temple.
  6225 | Temple   | Entered the Ecumenical Temple
  6288 | Temple   | Became a worshipper of Sif Muna the Loreminder
  6360 | D:5      | Reached XP level 8. HP: 35/63 MP: 8/16
  7554 | D:5      | Reached skill level 6 in Spellcasting
  7766 | D:6      | Found Omut's Distillery.
  7769 | D:6      | Bought a potion of heal wounds for 65 gold pieces
  7769 | D:6      | Bought a potion of mutation for 104 gold pieces
  7769 | D:6      | Bought a potion of heal wounds for 65 gold pieces
  7769 | D:6      | Bought a potion of degeneration for 13 gold pieces
  8545 | D:6      | Found a runed translucent door.
  8546 | D:6      | Noticed Crazy Yiuf
  8553 | D:6      | Killed Crazy Yiuf
  8775 | D:7      | Found a white marble altar of Elyvilon.
  9450 | D:7      | Reached XP level 9. HP: 63/69 MP: 18/18
  9678 | D:7      | Reached * piety under Sif Muna
 10479 | D:8      | Reached skill level 5 in Throwing
 10479 | D:8      | Reached skill level 5 in Armour
 10954 | D:8      | Found a staircase to the Lair.
 10954 | D:8      | Noticed an elephant
 10980 | D:7      | Killed an elephant
 11202 | D:7      | Reached skill level 5 in Invocations
 11448 | D:7      | Reached skill level 7 in Spellcasting
 11992 | D:8      | Reached XP level 10. HP: 32/77 MP: 20/20
 12000 | D:8      | HP: 2/77 [poisoned by a soldier ant]
 12001 | D:8      | Succumbed to a soldier ant's poison

Illustrated notes

Levels and vault maps discovered:
D:1:      dpeg_arrival_boxorama, layout_basic, item_on_display_a
D:2:      layout_rooms, lemuel_coloured_pillars_altar, minmay_pentomino_x4
D:3:      layout_loops_ring, overflow_temple_1_default,
          gammafunk_temple_overflow_wave, nzn_wu_jian_council_hall
D:4:      layout_loops_ring, nicolae_ru_the_path_less_chosen, minivault_1
D:5:      kennysheep_slugbush, layout_rooms,
          minmay_temple_entry_statues_fountains
D:6:      layout_rooms, serial_shops, kennysheep_mini_moat,
          uniq_crazy_yiuf_cottage
D:7:      layout_basic, elyvilon_altar_4, corexii_checkpoint_a,
          kennysheep_generic_room_11
D:8:      layout_loops_cross, marbit_many_paths, david_lair_generic,
          serial_shops, shop, hangedman_pestilent_swarm, minivault_29
Temple:   nicolae_temple_figure_eight

Skill      XL: |  1  2  3  4  5  6  7  8  9 |
---------------+----------------------------+-----
Spellcasting   | 5 6 7 |  7.0
Invocations    | 1 2 3 4 5 |  5.3
Short Blades   | 1 2 3 4 |  4.8
Long Blades    | 1 2 3 4 |  4.8
Maces & Flails | 1 2 3 4 |  4.8
Polearms       | 1 2 3 4 |  4.8
Staves         | 1 2 3 4 |  4.8
Slings         | 1 2 3 4 |  4.8
Bows           | 1 2 3 4 |  4.8
Crossbows      | 1 2 3 4 |  4.8
Stealth        | 1 2 3 4 |  4.8
Shields        | 1 2 3 4 |  4.8
Unarmed Combat | 1 2 3 4 |  4.8
Evocations     | 1 2 3 4 |  4.8
Conjurations   | 1 2 3 4 |  4.0
Hexes          | 1 2 3 4 |  4.0
Summonings     | 1 2 3 4 |  4.0
Necromancy     | 1 2 3 4 |  4.0
Transmutations | 1 2 3 4 |  4.0
Fire Magic     | 1 2 3 4 |  4.0
Ice Magic      | 1 2 3 4 |  4.0
Air Magic      | 1 2 3 4 |  4.0
Earth Magic    | 1 2 3 4 |  4.0
Poison Magic   | 1 2 3 4 |  4.0
Throwing       | 3 4 5 |  5.5
Armour         | 3 4 5 |  5.5
Fighting       | 5 6 |  6.7
Axes           | 5 6 |  6.7
Dodging        | 5 6 |  6.7
Translocations | 6 |  6.8

Action                   |  1- 3 |  4- 6 |  7- 9 | 10-12 || total
-------------------------+-------+-------+-------+-------++-------
Melee: Hand axe          |    97 |   176 |   214 |       ||   487
       Bite              |     9 |    19 |    48 |       ||    76
       Punch             |       |     1 |     5 |       ||     6
       War axe           |       |       |   122 |       ||   122
       Broad axe         |       |       |   100 |       ||   100
Throw: Dart              |     7 |    34 |    32 |       ||    73
       Javelin           |       |       |     8 |       ||     8
 Cast: Gell's Gravitas   |       |    12 |    25 |       ||    37
       Blink             |       |     5 |     6 |       ||    11
Evoke: Wand              |       |       |     2 |       ||     2
  Use: Potion            |       |     2 |     5 |       ||     7
       Scroll            |       |     2 |     4 |       ||     6
 Stab: Sleeping          |     1 |     3 |     3 |       ||     7
Armor: Leather armour    |    22 |    62 |    77 |       ||   161
       Ring mail         |       |       |    85 |     1 ||    86
Dodge: Dodged            |    73 |   146 |   441 |     4 ||   664
